 Dungeon Crawl Stone Soup version 0.30.1-11-g7821555f0a (webtiles) character file.

Game seed: 17213124047426500759

172 rumournova the Chopper (level 5, -1/32 HPs)
             Began as a Gargoyle Reaver on Nov 18, 2023.
             Was an Initiate of Okawaru.
             Slain by an orc warrior
             ... wielding a +1 mace of holy wrath
              (4 damage)
             ... on level 4 of the Dungeon.
             The game lasted 00:14:15 (2574 turns).

rumournova the Chopper (Gargoyle Reaver)            Turns: 2574, Time: 00:14:15

Health: -1/32      AC: 11    Str: 17    XL:     5   Next: 52%
Magic:  8/8        EV:  7    Int: 14    God:    Okawaru [......]
Gold:   126        SH:  9    Dex:  8    Spells: 7/8 levels left

rFire   . . .        o - +0 war axe
rCold   + . .        m - +0 tower shield
rNeg    + . .        e - +0 ring mail {rC+}
rPois   ∞            j - +0 helmet
rElec   +            (no cloak)
rCorr   .            p - +0 pair of gloves
SInv    .            (no boots)
Will    .....        (no amulet) Stlth
                     (no ring)
HPRegen 0.25/turn    (no ring)
MPRegen 0.11/turn

%: no passive effects
@: no status effects
A: sickness immunity, AC +4, negative energy resistance 1, electricity
resistance, torment resistance 1, petrification resistance
a: Renounce Religion


You were on level 4 of the Dungeon.
You worshipped Okawaru.
Okawaru was noncommittal.
You visited 1 branch of the dungeon, and saw 4 of its levels.

You collected 202 gold pieces.
You spent 76 gold pieces at shops.

Inventory:

Hand Weapons
 a - a +0 hand axe
 o - a +0 war axe (weapon)
Armour
 e - a +0 ring mail of cold resistance (worn)
 j - a +0 helmet (worn)
 m - a +0 tower shield (worn)
 p - a +0 pair of gloves (worn)
 q - a +0 chain mail
Wands
 b - a wand of digging (5)
Scrolls
 l - 2 scrolls of teleportation
Potions
 d - a potion of might {unknown}
 g - a potion of degeneration {unknown}
 h - a potion of curing
 i - a potion of berserk rage {unknown}
 n - 2 potions of magic {unknown}
 r - a potion of brilliance {unknown}
 s - a potion of haste {unknown}


   Skills:
 + Level 3.1 Fighting
 + Level 4.1 Axes
 + Level 1.6 Armour
 + Level 2.0 Dodging
 + Level 0.1 Stealth
 + Level 1.1 Shields
 + Level 2.1 Spellcasting
 + Level 3.6 Conjurations


You had 7 spell levels left.
You knew the following spells:

 Your Spells              Type           Power      Damage    Failure   Level
a - Kiss of Death         Conj/Necr      24%        2d7       95%         1

Your spell library contained the following spells:

 Spells                   Type           Power      Damage    Failure   Level
 Momentum Strike          Conj/Tloc      12%        3d8       98%         2
 Hailstorm                Conj/Ice       6%         3d4       100%        3


Dungeon Overview and Level Annotations

Branches:
Dungeon (4/15)
 Temple: D:4-7

Altars:
Okawaru

Shops:
D:2 [


Innate Abilities, Weirdness & Mutations

You are immune to sickness and miasma.
Your stone body is resilient. (AC +4)
You are immune to poison.
You resist negative energy. (rN+)
You are resistant to electric shocks. (rElec)
You are resistant to unholy torment.
You are immune to petrification.


Message History

You miss something.
The orc warrior hits you with a +1 mace of holy wrath!
You block something's attack. Something hits you but does no damage.
The orc warrior hits you with a +1 mace of holy wrath!
You hit the orc warrior but do no damage.
You miss something. You block the orc warrior's attack. Something hits you.
You hear some strange, mumbled words.
A puff of flame appears from out of thin air!
The puff of flame hits you. The orc warrior closely misses you.
You hit the orc warrior.
The orc warrior is lightly wounded.
You miss something. You block the orc warrior's attack. Something hits you.
You closely miss the orc warrior.
The orc warrior is lightly wounded.
You miss something.
The orc warrior hits you but does no damage.
You hear some strange, mumbled words.
A puff of flame appears from out of thin air!
The puff of flame hits you.
* * * LOW HITPOINT WARNING * * *
Something hits you but does no damage.
The orc warrior hits you with a +1 mace of holy wrath.
* * * LOW HITPOINT WARNING * * *
You feel better. The orc warrior barely misses you. Something hits you.
You closely miss the orc warrior.
The orc warrior is lightly wounded.
You hit something but do no damage. You block the orc warrior's attack.
Something hits you. You block something's attack.
You block the orc warrior's attack.
You barely miss the orc warrior.
The orc warrior is lightly wounded.
You barely miss something.
The orc warrior hits you with a +1 mace of holy wrath!
* * * LOW HITPOINT WARNING * * *
Something hits you but does no damage.
You closely miss the orc warrior.
The orc warrior is lightly wounded.
You closely miss something.
The orc warrior hits you with a +1 mace of holy wrath.
You die...

########
#......#################
#......#....'...#)......
#......'....#...@o......
#......#....#...#{......
#......#....#...#.......
#......#....#...##.<..##
#......#...##...# ....#
.......#...##...# .....#
.......#........# ....#
.......#........# ....#
.......#


You could see an orc warrior.

Vanquished Creatures
  An orc priest (D:3)
  6 adders
  A worm (D:2)
  2 dart slugs
  8 orcs
  8 ball pythons
  6 bats
  4 endoplasms
  2 giant cockroaches (D:3)
  5 goblins
  5 hobgoblins
  2 jackals (D:1)
  8 kobolds
  4 quokkas
  6 frilled lizards
  3 rats
71 creatures vanquished.

Notes
Turn   | Place    | Note
-------+----------+-------------------------------------------
     0 | D:1      | rumournova the Gargoyle Reaver began the quest for the Orb.
     0 | D:1      | Reached XP level 1. HP: 12/12 MP: 3/3
   160 | D:1      | Reached XP level 2. HP: 18/18 MP: 5/5
   440 | D:1      | Reached skill level 3 in Axes
   727 | D:2      | Reached XP level 3. HP: 22/22 MP: 6/6
  1227 | D:2      | Found Orewkec's Antique Armour Boutique.
  1232 | D:2      | Bought a tower shield for 76 gold pieces
  1250 | D:2      | Reached XP level 4. HP: 23/27 MP: 7/7
  1479 | D:3      | Reached skill level 1 in Armour
  1931 | D:3      | Reached XP level 5. HP: 31/32 MP: 8/8
  2021 | D:3      | Reached skill level 1 in Shields
  2177 | D:3      | Found an iron altar of Okawaru.
  2189 | D:3      | Became a worshipper of Warmaster Okawaru
  2302 | D:3      | Reached skill level 4 in Axes
  2561 | D:4      | Noticed an orc warrior
  2574 | D:4      | Slain by an orc warrior

Illustrated notes

Levels and vault maps discovered:
D:1:      doesnt_arrival_eight_statues, layout_rooms, kennysheep_small_spiral,
          grunt_decor_fettered
D:2:      layout_loops_ring, serial_shops, nicolae_shop_hallway_plus
D:3:      layout_loops_ring, okawaru_metal_pillars_1_2, nicolae_half_adder
D:4:      layout_gridville

Skill      XL: |  1  2  3  4  5 |
---------------+----------------+-----
Axes           | 3 4 |  4.1
Dodging        | 2 |  2.0
Armour         | 1 |  1.6
Fighting       | 3 |  3.1
Shields        | 1 |  1.1
Stealth        | |  0.1
Spellcasting   | |  2.1
Conjurations   | |  3.6

Action                     |  1- 3 |  4- 6 || total
---------------------------+-------+-------++-------
  Melee: Hand axe          |   145 |    21 ||   166
         War axe           |       |    95 ||    95
    Use: Scroll            |     4 |     5 ||     9
         Potion            |       |     1 ||     1
 Armour: Leather armour    |     7 |       ||     7
         Ring mail         |    75 |    56 ||   131
         Chain mail        |       |    26 ||    26
  Dodge: Dodged            |    79 |    23 ||   102
  Block: Tower shield      |     4 |    66 ||    70
